AoeStats
← Koti

Arena

510543267Analyzed
1v1 RM · 9h ago on Oct 1, 2026· 36m 17s· 2 players
Game mode
Random Map
Map size
Tiny (2 player)
Population
200
Speed
Normal
Resources
Standard
Victory
Conquest
Starting age
Dark Age
Ending age
Imperial Age
RankedLock teamsTeams togetherTeam positionsShared explorationLock speedFull tech treeHidden civsTurbo modeCheats
Victory
Defeat
🇧🇬 Slavs · Bulgaria
1785
+13
🇫🇷 Muisca · France
1725
-13
Koti
8:13 Loom
10:27 Feudal Age
14:01 Castle Age
12:23 Double-Bit Axe
12:41 Gold Mining
15:06 Bow Saw
16:55 Redemption
20:53 Sanctity
23:06 Atonement
Bilbo Bagains
10:34 Feudal Age
14:06 Castle Age
12:20 Double-Bit Axe
13:08 Horse Collar
15:13 Bow Saw
18:23 Loom
23:31 Guard Tower
24:25 Fletching
28:58 Wheelbarrow
28:02 Light Cavalry
28:52 Bloodlines
29:01 Bodkin Arrow
33:25 Ballistics
38:44 Imperial Age
36:08 Gold Mining
36:09 Stone Mining
Connection lost

Rejoining the realm…

Still unreachable

The connection could not be restored.

Session expired

The server has moved on; the page needs a fresh start.